 Dungeon Crawl Stone Soup version 0.28-a0-32-g8dfe7f97f6 (webtiles) character file.

Game seed: 4795911478963882654

186 feldorn the Ruffian (level 5, -1/41 HPs)
             Began as a Draconian Transmuter on July 27, 2021.
             Was an Initiate of the Shining One.
             Slain by a gnoll (4 damage)
             ... on level 4 of the Dungeon.
             The game lasted 00:18:13 (3973 turns).

feldorn the Ruffian (Draconian Transmuter)          Turns: 3973, Time: 00:18:14

Health: -1/41      AC:  2    Str: 13    XL:     5   Next: 38%
Magic:  6/9        EV: 19    Int: 14    God:    the Shining One [......]
Gold:   197        SH:  0    Dex: 16    Spells: 5/9 levels left

rFire   . . .      SeeInvis .     - Unarmed
rCold   . . .      Faith    .   (shield currently unavailable)
rNeg    . . .      Spirit   .   (armour unavailable)
rPois   x          Reflect  .   (helmet currently unavailable)
rElec   .          Harm     .   (cloak currently unavailable)
rCorr   .          Rampage  .   (gloves currently unavailable)
Will    .....                   (boots currently unavailable)
Stlth   +.........              (no amulet)
HPRegen 0.13/turn               (no ring)
MPRegen 0.11/turn               (no ring)

@: spider-form (expiring), glowing
A: venomous fangs, AC +5, tiny, unfitting armour, (cold-blooded)
a: End Transformation, Renounce Religion


You were on level 4 of the Dungeon.
You worshipped the Shining One.
The Shining One was noncommittal.
You were a venomous arachnid creature.
You visited 1 branch of the dungeon, and saw 4 of its levels.

You collected 197 gold pieces.

Inventory:

Hand Weapons
 m - a +0 dagger of holy wrath
Missiles
 h - 7 poisoned darts
Armour
 d - a +0 pair of boots (melded)
Wands
 n - a wand of flame (28)
Scrolls
 b - a scroll of holy word {unknown}
 c - 2 scrolls of magic mapping {unknown}
 g - a scroll of fog {unknown}
 j - a scroll of teleportation {unknown}
 k - a scroll of fear {unknown}
 o - a scroll of amnesia {unknown}
 p - a scroll of identify {unknown}
Potions
 a - 2 potions of brilliance {unknown}
 e - a potion of haste {unknown}
 f - 3 potions of cancellation {unknown}
 i - 2 potions of curing {unknown}
 l - a potion of might {unknown}


   Skills:
 + Level 1.7 Fighting
 + Level 2.5 Dodging
 + Level 0.4 Stealth
 + Level 4.4 Unarmed Combat
 + Level 2.7 Spellcasting
 + Level 2.9 Transmutations
 + Level 0.7 Poison Magic


You had 5 spell levels left.
You knew the following spells:

 Your Spells              Type           Power      Damage    Failure   Level
a - Beastly Appendage     Tmut           20%        N/A       19%         1
b - Spider Form           Tmut/Pois      3%         N/A       54%         3

Your spell library contained the following spells:

 Spells                   Type           Power      Damage    Failure   Level
 Wereblood                Tmut           10%        N/A       26%         2
 Ice Form                 Ice/Tmut       5%         N/A       90%         4


Dungeon Overview and Level Annotations

Branches:
Dungeon (4/15)
 Temple: D:4-7

Altars:
Cheibriados
Hepliaklqana
Makhleb
Qazlal
The Shining One


Innate Abilities, Weirdness & Mutations

You are a venomous arachnid creature.
You have poisonous fangs.
You are tiny and dextrous.
Your spellcasting is less reliable in this form.
Your armour is entirely melded.
You are incapable of wielding weapons or throwing items.
((Your plain brown scales are hard. (AC +5)))
You cannot fit into any form of body armour.
((You are cold-blooded and may be slowed by cold attacks.))


Message History

Confirm with . or Enter, or press ? or * to list all spells.
The spell is quite dangerous to cast (34% risk of failure)!
Continue anyway?
You turn into a venomous arachnid creature.
Your +0 pair of boots melds into your body.
The gnoll completely misses you. The gnoll misses you.
You bite the gnoll!
The gnoll looks as sick as possible!
The gnoll is almost dead.
You kill the gnoll!
The killer bee zombie hits you!
You hit the killer bee zombie.
The killer bee zombie is heavily damaged.
The killer bee zombie completely misses you.
The gnoll misses you.
You bite the gnoll!
The gnoll is poisoned.
The gnoll is heavily wounded.
The gnoll hits you with a +0 whip. The dart slug misses you.
You hit the gnoll.
The gnoll looks as sick as possible!
The gnoll is severely wounded.
You kill the gnoll!
The gnoll hits you with a +0 whip!
You bite the dart slug!
The dart slug looks as sick as possible!
The dart slug is almost dead.
Your transformation is almost over.
You kill the dart slug!
The killer bee zombie hits you.
* * * LOW HITPOINT WARNING * * *
The gnoll hits you from afar with a +0 spear.
* * * LOW HITPOINT WARNING * * *
The gnoll misses you.
You hit the gnoll.
The gnoll is poisoned.
The gnoll is lightly wounded.
The killer bee zombie hits you.
* * * LOW HITPOINT WARNING * * *
The kobold closely misses you.
The gnoll hits you from afar with a +0 spear.
* * * LOW HITPOINT WARNING * * *
The killer bee zombie closely misses you.
The gnoll hits you with a +0 whip.
You die...

###### #....#
#....# #..Z.#
#...s# #..gK#
####### #..g.#
.......####....#
...........†...#
......g######.##
....... .....
.....w.
.........
.<...gg
###!........


You could see 2 gnolls, a killer bee zombie and a kobold.

Vanquished Creatures
  Ijyb (D:3)
  Robin (D:3)
  2 gnolls (D:4)
  4 adders
  A worm (D:3)
  4 dart slugs
  3 endoplasms
  3 giant cockroaches
  13 goblins
  6 hobgoblins
  9 jackals
  4 kobolds (D:1)
  5 quokkas
  9 ball pythons
  7 bats
  3 frilled lizards
  5 rats
80 creatures vanquished.

Vanquished Creatures (others)
  3 plants (D:1)
3 creatures vanquished.

Grand Total: 83 creatures vanquished

Notes
Turn   | Place    | Note
-------+----------+-------------------------------------------
     0 | D:1      | feldorn the Draconian Transmuter began the quest for the
                  | Orb.
     0 | D:1      | Reached XP level 1. HP: 16/16 MP: 3/3
   405 | D:1      | Reached XP level 2. HP: 6/23 MP: 3/5
  1333 | D:1      | Reached XP level 3. HP: 28/28 MP: 4/6
  2151 | D:2      | Found a snail-covered altar of Cheibriados.
  2581 | D:2      | Reached XP level 4. HP: 33/35 MP: 5/7
  2585 | D:2      | Learned a level 3 spell: Spider Form
  2984 | D:3      | Noticed Robin
  3052 | D:3      | Reached skill level 4 in Unarmed Combat
  3147 | D:3      | Killed Robin
  3396 | D:3      | Found a burning altar of Makhleb.
  3455 | D:3      | Found a glowing golden altar of the Shining One.
  3475 | D:3      | Became a worshipper of the Shining One
  3569 | D:3      | Noticed Ijyb
  3579 | D:3      | Killed Ijyb
  3580 | D:3      | Reached XP level 5. HP: 32/41 MP: 4/8
  3824 | D:3      | Found a stormy altar of Qazlal.
  3828 | D:3      | Found a hazy altar of Hepliaklqana.
  3973 | D:4      | Slain by a gnoll

Illustrated notes

Levels and vault maps discovered:
D:1:      onia_arrival_pentagram, layout_basic, serial_forest,
          infiniplex_forest_end_3, infiniplex_forest_straight_4,
          infiniplex_forest_end_2, infiniplex_forest_lined_corner,
          infiniplex_forest_straight_5, infiniplex_forest_straight_2,
          infiniplex_forest_end_double, infiniplex_forest_lined_2
D:2:      layout_basic, basic_altar
D:3:      layout_rooms, chequers_temple_overflow_statue_of_worship,
          jmf_multi_god_temple, kennysheep_generic_room_4, uniq_robin, uniq_ijyb
D:4:      layout_rooms, minmay_temple_entry_fiery, dk_rats_in_the_wall

Skill      XL: |  1  2  3  4 |
---------------+-------------+-----
Dodging        | 2 |  2.5
Unarmed Combat | 4 |  4.4
Fighting       | |  1.7
Stealth        | |  0.4
Spellcasting   | |  2.7
Transmutations | |  2.9
Poison Magic   | |  0.7

Action                   |  1- 3 |  4- 6 || total
-------------------------+-------+-------++-------
Melee: Unarmed           |   139 |    97 ||   236
       Tailslap          |    15 |     3 ||    18
       Headbutt          |     8 |    13 ||    21
       Kick              |     6 |    14 ||    20
       Punch             |     4 |       ||     4
 Cast: Beastly Appendage |    21 |    13 ||    34
       Spider Form       |       |     5 ||     5
Evoke: Wand              |       |     1 ||     1
Armor: Skin              |    58 |    21 ||    79
Dodge: Dodged            |   110 |    72 ||   182

Table legend: (Time is in decaauts)
 A = Elapsed time spent in this place.
 B = Non-inter-level travel time spent in this place.
 C = Inter-level travel time spent in this place.
 D = Time resting spent in this place.
 E = Time spent auto-exploring this place.
 F = Levels seen in this place.
 G = Mean time per level.
                   A        B        C        D        E       F      G
               +--------+--------+--------+--------+--------+-----+--------+
         Total |   3961 |   3860 |    101 |      0 |   3210 |   4 |  990.2 |
       Dungeon |   3961 |   3860 |    101 |      0 |   3210 |   4 |  990.2 |
               +--------+--------+--------+--------+--------+-----+--------+

Top non-repeatable levels by time:
     D:2: 1546 daAuts
     D:1: 1375 daAuts
     D:3: 1011 daAuts
     D:4: 27 daAuts
